 Dungeon Crawl Stone Soup version 0.20.1-1-g8b1a95d (webtiles) character file.

9384 Greyaxe the Cleaver (level 11, -3/95 HPs)
             Began as a Minotaur Fighter on Aug 14, 2017.
             Was a Priest of Yredelemnul.
             Slain by a yak (4 damage)
             ... on level 11 of the Dungeon on Aug 15, 2017.
             The game lasted 01:24:58 (15160 turns).

Greyaxe the Cleaver (Minotaur Fighter)             Turns: 15160, Time: 01:24:59

Health: -3/95      AC:  9    Str: 24    XL:     11   Next: 22%
Magic:  11/11      EV:  2    Int:  5    God:    Yredelemnul [***...]
Gold:   210        SH:  0    Dex: 10    Spells: 10/10 levels left

rFire    + . .     SeeInvis .   a - +3 war axe
rCold    x . .     Gourm    .   c - +0 shield
rNeg     + + +     Faith    .   b - +1 scale mail
rPois    ∞         Spirit   .   (helmet restricted)
rElec    .         Reflect  .   (no cloak)
rCorr    .         Harm     +   (no gloves)
MR       +....                  (no boots)
Stlth    +.........             F - amulet of harm
Regen    0.3/turn               y - ring of protection from magic
MPRegen  0.2/turn               H - ring of fire

@: petrified
A: retaliatory headbutt, horns 2
a: Recall Undead Slaves, Injury Mirror, Animate Dead, Renounce Religion


You were on level 11 of the Dungeon.
You worshipped Yredelemnul.
Yredelemnul was most pleased with you.
You were not hungry.

You visited 3 branches of the dungeon, and saw 13 of its levels.

You collected 542 gold pieces.
You spent 332 gold pieces at shops.

Inventory:

Hand Weapons
 a - a +3 war axe (weapon)
Armour
 b - a +1 scale mail (worn)
 c - a +0 shield (worn)
Jewellery
 y - a ring of protection from magic (left hand)
 F - an amulet of harm (around neck)
 H - a ring of fire (right hand)
Wands
 e - a wand of lightning (6/15)
 g - a wand of polymorph (20/24)
 i - a wand of iceblast (10/15)
 p - a wand of lightning (2/15)
 q - a wand of lightning (6/15)
 s - a wand of flame (14/48)
 t - a wand of flame (27/48)
 A - a wand of acid (0/15)
 B - a wand of iceblast (9/15)
 C - a wand of confusion (26/48)
 G - a wand of random effects (25/48)
 I - a wand of flame (35/48)
 K - a wand of digging (9/24)
 N - a wand of lightning (10/15)
Scrolls
 j - a scroll of fear
 l - 3 scrolls of remove curse
 o - 2 scrolls of teleportation
 r - 6 scrolls of identify
 u - 2 scrolls of amnesia
 M - a scroll of holy word
 P - a scroll of vulnerability {unknown}
Potions
 d - 3 potions of might
 f - 5 potions of cancellation
 h - 2 potions of haste
 m - a potion of brilliance
 v - 4 potions of degeneration
 w - a potion of agility {unknown}
 z - a potion of ambrosia {unknown}
 J - a potion of lignification {unknown}
 L - a potion of curing
Books
 x - a book of Cantrips

   Spells                             Type                      Level
   a - Confusing Touch                Hexes                        1
   b - Animate Skeleton               Necromancy                   1
   c - Summon Small Mammal            Summoning                    1
   d - Apportation                    Translocation                1
 D - a book of Battle

   Spells                             Type                      Level
   a - Infusion                       Charms                       1
   b - Shroud of Golubria             Charms/Translocation         2
   c - Song of Slaying                Charms                       2
   d - Spectral Weapon                Hexes/Charms                 3
   e - Regeneration                   Charms/Necromancy            3
Comestibles
 k - 4 royal jellies
 n - 27 fruits
 E - 2 meat rations
 O - 2 bread rations


   Skills:
 + Level 8.9 Fighting
 + Level 12.4 Axes
 + Level 10.5 Armour
 + Level 4.2 Dodging
 + Level 2.8 Stealth
 + Level 8.7 Shields
 + Level 2.1 Invocations
 + Level 2.6 Evocations


You had 10 spell levels left.
You didn't know any spells.

Dungeon Overview and Level Annotations

Branches:
Dungeon (11/15)            Temple (1/1) D:6            Lair (1/6) D:11
    Orc (0/2) D:11

Altars:
Cheibriados
Dithmenos
Elyvilon
Fedhas
Gozag
Hepliaklqana
Kikubaaqudgha
Makhleb
Nemelex Xobeh
Qazlal
Ru
Sif Muna
Trog
Uskayaw
Vehumet
Xom
Yredelemnul
Zin
The Shining One

Shops:
D:4 *   D:5 (=:!*   D:9 *   D:11 *


Innate Abilities, Weirdness & Mutations

You reflexively headbutt those who attack you in melee.
You have a pair of horns on your head.


Message History

Your adder zombie bites the yak but does no damage.
Your adder zombie bites the yak. x2
The yak dies!
Yredelemnul accepts your kill.
Your life force feels restored.
You have turned to stone.
The basilisk bites you!
* * * LOW HITPOINT WARNING * * *
The yak gores you.
* * * LOW HITPOINT WARNING * * *
Your quokka zombie bites the basilisk but does no damage.
The basilisk gazes at you. You resist with almost no effort. The yak gores you!
* * * LOW HITPOINT WARNING * * *
Your quokka zombie bites the basilisk.
The basilisk bites you but does no damage.
Your adder zombie bites the yak but does no damage.
The yak gores you!
You die...
Your body rises from the dead as a mindless zombie.

#.# #.)....# # #.#
#......# # #.#
#......# # #.#
#......# # #.#
###.#### # #.# #.# #
#.# #.# #Z## #.#
##Z@######.#########
##>YZl........Z......
#....................
#......####.#########
#......# #.# ####
#......# #.# #.>#
#......# #.###.#####
#......# #.....Z....
#......##############


You could see a yak, a basilisk, a friendly adder zombie, a friendly quokka
zombie and a friendly hornet zombie.

Vanquished Creatures
  Snorg (D:11)
  A two-headed ogre (D:10)
  An ugly thing (D:10)
  A troll (D:9)
  3 hippogriffs
  2 yaks (Lair:1)
  A hungry ghost (D:10)
  A water moccasin (D:8)
  An orc warrior (D:7)
  4 sky beasts
  4 ice beasts
  A phantom (D:7)
  A black bear (D:10)
  6 ogres
  4 centaurs
  2 big kobolds
  5 bullfrogs
  A wyvern zombie (D:6)
  A wyvern skeleton (D:8)
  3 scorpions
  16 wights
  2 howler monkeys (D:7)
  3 crimson imps
  2 quasits
  8 hounds
  4 jellies
  8 orc wizards
  2 orc priests
  A centaur skeleton (D:6)
  3 iguanas
  2 bullfrog skeletons
  4 worker ants
  2 hound skeletons
  A hound zombie (D:8)
  Robin (D:3)
  14 adders
  A gnoll (D:4)
  A howler monkey skeleton (D:9)
  2 oozes
  An adder skeleton (D:6)
  A worm (D:4)
  2 dart slugs (D:1)
  9 leopard geckos
  39 orcs
  3 giant cockroaches
  15 goblins
  9 hobgoblins
  14 jackals
  6 quokkas
  2 ball pythons
  10 bats
  5 frilled lizards
  A giant cockroach zombie (D:6)
  A hobgoblin zombie (D:8)
  7 kobolds
  2 kobold zombies (D:8)
  A leopard gecko zombie (D:6)
  3 orc skeletons (D:8)
  2 orc zombies (D:8)
  A quokka skeleton (D:4)
  5 rats
260 creatures vanquished.

Vanquished Creatures (collateral kills)
  The ghost of Savaroth the Fighter, a novice MiBe of Trog (D:6)
  2 unseen horrors
  A hornet (D:11)
  A yak (D:11)
  4 orc wizards
  A hound (D:8)
  An orc priest (D:5)
  An iguana (D:8)
  A white imp (D:8)
  2 leopard geckos
  4 orcs
  A goblin zombie (D:8)
  A kobold skeleton (D:8)
21 creatures vanquished.

Vanquished Creatures (others)
  A human (D:9)
  An adder zombie (D:8)
  An orc zombie (D:8)
3 creatures vanquished.

Grand Total: 284 creatures vanquished

Notes
Turn   | Place    | Note
-------+----------+-------------------------------------------
     0 | D:1      | Greyaxe the Minotaur Fighter began the quest for the Orb.
     0 | D:1      | Reached XP level 1. HP: 19/19 MP: 0/0
   145 | D:1      | Reached XP level 2. HP: 27/27 MP: 1/1
   553 | D:1      | Reached XP level 3. HP: 33/33 MP: 2/2
  1320 | D:2      | Reached skill level 3 in Axes
  1389 | D:2      | Found a white marble altar of Elyvilon.
  1484 | D:2      | Found a bloodstained altar of Trog.
  1836 | D:3      | Reached XP level 4. HP: 40/40 MP: 3/3
  2146 | D:3      | Noticed Robin
  2153 | D:3      | Killed Robin
  2258 | D:3      | Reached skill level 4 in Axes
  2640 | D:4      | Reached skill level 1 in Dodging
  2640 | D:4      | Reached XP level 5. HP: 35/46 MP: 4/4
  2857 | D:4      | Found Uphul's General Store.
  2926 | D:4      | Found a blossoming altar of Fedhas.
  3305 | D:4      | Found a sparkling altar of Nemelex Xobeh.
  3314 | D:4      | Reached skill level 5 in Axes
  3320 | D:4      | Found a radiant altar of Vehumet.
  3330 | D:4      | Reached XP level 6. HP: 53/53 MP: 5/5
  3723 | D:5      | Entered Level 5 of the Dungeon
  3732 | D:5      | Noticed a sky beast
  3752 | D:5      | Killed a sky beast
  3752 | D:5      | Reached skill level 5 in Shields
  3959 | D:5      | Reached skill level 5 in Armour
  4092 | D:4      | Bought a box of beasts for 280 gold pieces
  4299 | D:5      | Reached skill level 5 in Fighting
  4377 | D:5      | Found Peghaylo's Assorted Antiques.
  4417 | D:5      | Reached skill level 1 in Stealth
  4417 | D:5      | Reached XP level 7. HP: 61/61 MP: 6/6
  4486 | D:5      | Found a deep blue altar of Sif Muna.
  4535 | D:5      | Found Loun's Jewellery Emporium.
  4539 | D:5      | Found Qaleej's Book Boutique.
  4571 | D:5      | Found Ment's Distillery.
  4953 | D:5      | Found a snail-covered altar of Cheibriados.
  5076 | D:5      | Found Ihywoi's Weapon Boutique.
  5237 | D:5      | Reached skill level 6 in Axes
  5928 | D:6      | Reached XP level 8. HP: 66/69 MP: 7/7
  5933 | D:6      | Reached skill level 7 in Axes
  6525 | D:6      | Reached skill level 8 in Axes
  9029 | D:6      | Noticed Savaroth's ghost (novice MiBe)
  9137 | D:6      | Found a shadowy altar of Dithmenos.
  9229 | D:6      | Reached XP level 9. HP: 66/75 MP: 8/8
  9290 | D:6      | Found a staircase to the Ecumenical Temple.
  9301 | Temple   | Entered the Ecumenical Temple
  9388 | Temple   | Became a worshipper of Yredelemnul the Dark
  9541 | D:6      | Killed Savaroth's ghost
  9541 | D:6      | Reached skill level 9 in Axes
  9541 | D:6      | Reached skill level 1 in Evocations
 10175 | D:7      | Reached skill level 10 in Axes
 10745 | D:7      | Reached * piety under Yredelemnul
 11210 | D:8      | Found a glowing golden altar of the Shining One.
 11219 | D:8      | Reached ** piety under Yredelemnul
 11427 | D:8      | Reached XP level 10. HP: 84/86 MP: 9/9
 12164 | D:9      | Reached skill level 11 in Axes
 12930 | D:9      | Found an ancient bone altar of Kikubaaqudgha.
 12944 | D:9      | Found Gattis's General Store.
 13091 | D:10     | Entered Level 10 of the Dungeon
 13158 | D:10     | Reached skill level 1 in Invocations
 13296 | D:10     | Noticed a brown ugly thing
 13310 | D:10     | Killed a brown ugly thing
 13479 | D:10     | Noticed a two-headed ogre
 13485 | D:10     | Killed a two-headed ogre
 13485 | D:10     | Reached skill level 12 in Axes
 13549 | D:10     | Reached *** piety under Yredelemnul
 13588 | D:10     | Killed an unseen horror
 13588 | D:10     | Reached skill level 10 in Armour
 14244 | D:11     | Found a staircase to the Lair.
 14261 | D:11     | Noticed Snorg
 14270 | D:11     | Killed Snorg
 14270 | D:11     | Reached XP level 11. HP: 95/95 MP: 11/11
 14285 | D:11     | Found a staircase to the Orcish Mines.
 14372 | D:11     | Found Naetyth's Assorted Antiques.
 14392 | D:11     | Bought 2 scrolls labeled QARAUN OSENGOGH for 52 gold pieces
 14421 | D:11     | Killed an unseen horror
 15145 | Lair:1   | Entered Level 1 of the Lair of Beasts
 15159 | D:11     | HP: 1/95 [yak (5)]
 15160 | D:11     | Slain by a yak

Skill      XL: |  1  2  3  4  5  6  7  8  9 10 11 |
---------------+----------------------------------+-----
Armour         | 4 5 6 8 9 10 | 10.5
Fighting       | 4 5 6 7 8 |  8.9
Shields        | 4 5 6 7 8 |  8.7
Axes           | 3 4 5 6 8 10 12 | 12.4
Dodging        | 1 2 3 4 |  4.2
Stealth        | 1 2 |  2.8
Evocations     | 1 2 |  2.6
Invocations    | 1 2 |  2.1

Action                   |  1- 3 |  4- 6 |  7- 9 | 10-12 || total
-------------------------+-------+-------+-------+-------++-------
Melee: War axe           |   111 |   145 |   328 |   171 ||   755
       Headbutt          |    17 |    27 |    69 |    24 ||   137
Invok: Animate Remains   |       |       |     4 |     5 ||     9
       Animate Dead      |       |       |       |     5 ||     5
Evoke: Box of beasts     |       |     4 |     8 |     2 ||    14
       Wand              |       |     1 |       |    19 ||    20
  Use: Scroll            |     5 |     2 |     3 |     9 ||    19
       Potion            |     1 |     5 |       |     7 ||    13
 Stab: Distracted        |       |       |     2 |       ||     2
  Eat: Bread ration      |     1 |       |     3 |     1 ||     5
       Meat ration       |       |     2 |     2 |     2 ||     6
       Fruit             |       |       |       |     6 ||     6
Armor: Scale mail        |    81 |    65 |   114 |    82 ||   342
Dodge: Dodged            |    45 |    57 |    84 |    90 ||   276
Block: Shield            |    65 |    79 |   171 |   110 ||   425
